 Dungeon Crawl Stone Soup version 0.18-a0-1109-gfc003ac (webtiles) character file.

81 tof the Shooter (level 4, 0/38 HPs)
             Began as a Centaur Hunter on Jan 16, 2016.
             Was a Follower of Cheibriados.
             Killed from afar by Terence (7 damage)
             ... with a wand of frost
             ... on level 3 of the Dungeon on Jan 17, 2016.
             The game lasted 00:05:17 (1896 turns).

tof the Shooter (Centaur Hunter)                    Turns: 1896, Time: 00:05:18

Health: 0/38       AC:  4    Str: 16    XL:     4   Next: 19%
Magic:  4/4        EV:  9    Int: 12    God:    Cheibriados [*.....]
Gold:   97         SH:  0    Dex: 13    Spells: 0 memorised, 3 levels left

rFire  . . .     SeeInvis .     b - +0 short sword
rCold  . . .     Gourm    .     c - +0 leather armour
rNeg   . . .     Faith    .     (no shield)
rPois  .         Spirit   .     (no helmet)
rElec  .         Dismiss  .     (no cloak)
rCorr  .         Reflect  .     (no gloves)
SustAt .         Harm     .     (no barding)
MR     .....                    (no amulet)
Stlth  ++........               p - ring of wizardry
                                k - ring of stealth

@: drained, slow, not resistant to hostile enchantments, unstealthy
A: hooves 3, deformed body, speed 2, tough skin 3
a: Bend Time, Renounce Religion


You were on level 3 of the Dungeon.
You worshipped Cheibriados.
Cheibriados was aware of your devotion.
You were not hungry.

You visited 1 branch of the dungeon, and saw 3 of its levels.

You collected 97 gold pieces.

Inventory:

Hand Weapons
 a - a +1 shortbow
 b - a +0 short sword (weapon)
Armour
 c - a +0 leather armour (worn)
Jewellery
 k - a ring of stealth (left hand)
 p - a ring of wizardry (right hand)
Scrolls
 g - a scroll of enchant weapon {unknown}
 h - 3 scrolls of identify {unknown}
 i - 2 scrolls of random uselessness {unknown}
 m - 2 scrolls of noise {unknown}
 s - a scroll of fog {unknown}
 t - a scroll of remove curse {unknown}
 u - a scroll of magic mapping {unknown}
 x - a scroll of teleportation {unknown}
Potions
 e - a potion of heal wounds
 j - a potion of lignification {unknown}
 n - 3 potions of invisibility {unknown}
 o - 2 potions of might {unknown}
 q - a potion of brilliance {unknown}
 v - a potion of haste {unknown}
 w - a potion of resistance {unknown}
Comestibles
 f - 3 bread rations
 l - a meat ration
 r - 2 chunks of flesh


   Skills:
 * Level 3.0(1.9) Fighting
 * Level 6.5(5.3) Bows
 - Level 1.5(0.5) Dodging
 + Level 1.2(0.2) Stealth


You had 3 spell levels left.
You didn't know any spells.

Dungeon Overview and Level Annotations

Branches:
Dungeon (3/15)

Altars:
Cheibriados
Okawaru
Zin

Annotations:
D:3 Terence


Innate Abilities, Weirdness & Mutations

You have hooves in place of feet.
Armour fits poorly on your strangely shaped body.
You cover ground very quickly.
You have extremely tough skin (AC +3).


Message History

Terence barely misses you.
You hit Terence but do no damage.
Terence is heavily wounded.
Terence drinks a potion.
Terence is healed!
You hit Terence but do no damage. You kick Terence, but do no damage.
Terence zaps a wand.
The puff of frost hits you!
You hit Terence but do no damage.
Terence zaps a wand.
The puff of frost misses you.
You hit Terence but do no damage. Terence closely misses you.
You closely miss Terence. You kick Terence, but do no damage.
Terence zaps a wand.
The puff of frost hits you!
* * * LOW HITPOINT WARNING * * *
You are too injured to fight recklessly!
You are too injured to fight recklessly!
You are too injured to fight recklessly!
You are too injured to fight recklessly!
You are too injured to fight recklessly!
You are too injured to fight recklessly!
You closely miss Terence.
Terence zaps a wand.
The puff of frost hits you!
You die...

......( .......
......( ...o..(
...((.. .......
########.......
#<..@@o..#
##########


You could see Terence and an orc.

Vanquished Creatures
  2 gnolls (D:2)
  An ooze (D:1)
  3 giant geckos
  An orc (D:2)
  A giant cockroach (D:2)
  3 hobgoblins (D:2)
  9 jackals
  7 kobolds
  A quokka (D:2)
  A ball python (D:2)
  4 bats
  3 giant newts
  7 goblins
  6 rats
49 creatures vanquished.

Notes
Turn   | Place    | Note
--------------------------------------------------------------
     0 | D:1      | tof the Centaur Hunter began the quest for the Orb.
     0 | D:1      | Reached XP level 1. HP: 17/17 MP: 1/1
    90 | D:1      | Reached XP level 2. HP: 24/24 MP: 2/2
   338 | D:1      | Found a snail-covered altar of Cheibriados.
   354 | D:1      | Became a worshipper of Cheibriados the Contemplative
   374 | D:1      | Reached skill level 6 in Bows
   731 | D:2      | Reached XP level 3. HP: 30/30 MP: 3/3
   970 | D:2      | Reached skill level 1 in Stealth
  1060 | D:2      | Found an iron altar of Okawaru.
  1133 | D:2      | Found a glowing silver altar of Zin.
  1343 | D:2      | Reached XP level 4. HP: 37/37 MP: 4/4
  1461 | D:2      | Reached * piety under Cheibriados
  1875 | D:3      | Noticed Terence
  1896 | D:3      | Killed from afar by Terence

Vault maps used:
D:1:      sevenhm_arrival_forest_fort_small_3, cheibriados_altar_1
D:2:      okawaru_altar_gauntlet_db, lemuel_doored_altar
D:3:      serial_corexii_hall, corexii_hall_statues_i, corexii_hall_statues_i,
          corexii_hall_statues_t, corexii_hall_statues_x,
          corexii_hall_statues_t, corexii_hall_statues_x, uniq_jessica,
          uniq_grinder, uniq_terence

Action                   |  1- 3 |  4- 6 || total
-------------------------+-------+-------++-------
Melee: Short sword       |    23 |    38 ||    61
 Fire: Shortbow          |    96 |    16 ||   112
 Stab: Sleeping          |     2 |     1 ||     3
  Eat: Chunk             |       |     2 ||     2
